Map: Orbital Shipyard

Players

Nerchio - Winner!

  • Race: Zerg Zerg
  • League: Grandmaster

FireCake

  • Race: Zerg Zerg
  • League: Master

Event: Gauntlet Monday Night

VOD

Have the link to the VOD?

Description

Time

  • Played on: Jan. 4, 2016, 2 p.m.
  • Length: 10:38

All games in this series

Show
View Real Time Build Order
Export as new Build Order

Nerchio Zerg - Winner!

Build Orders: Hatch First 

Get SALT Encoding   

  12  0:01  Drone  
  13  0:12  Overlord  
  13  0:17  Drone  
  14  0:30  Drone x2  
  14  0:34  Drone  
  17  0:51  Hatchery  
  17  0:55  Drone  
  17  0:58  Drone  
  17  1:01  Extractor  
  17  1:13  Spawning Pool  
  17  1:16  Drone  
  17  1:19  Drone  
  18  1:28  Drone  
  19  1:39  Overlord  
  19  1:49  Drone  
  20  2:00  Zergling x2, Queen  
  23  2:03  Metabolic Boost  
  23  2:04  Queen  
  25  2:09  Zergling x2  
  25  2:11  Drone  
  25  2:14  Drone  
  28  2:22  Drone  
  29  2:24  Baneling Nest  
  29  2:27  Drone  
  29  2:33  Drone  
  29  2:36  Drone  
  31  2:43  Drone  
  32  2:54  Zergling x2  
  32  2:56  Hatchery  
  32  2:57  Zergling x2  
  33  3:02  Overlord  
  33  3:08  Drone x2  
  33  3:12  Drone  
  36  3:13  Overlord  
  36  3:21  Drone x3  
  36  3:23  Drone  
  36  3:26  Drone  
  41  3:27  Drone  
  42  3:36  Drone x2  
  45  3:41  Zergling x4  
  44  3:49  Drone x2  
  44  3:51  Roach Warren  
  44  3:52  Queen, Extractor  
  44  3:55  Drone  
  47  3:59  Drone x2  
  47  4:01  Baneling x2  
  49  4:06  Drone x3  
  49  4:07  Drone  
  52  4:13  Baneling x2  
  52  4:16  Overlord x2  
  52  4:35  Roach  
  52  4:36  Roach x7  
  68  4:41  Roach x2  
  68  4:43  Overlord  
  72  4:49  Lair, Extractor  
  72  4:52  Drone x2  
  73  4:57  Overlord  
  73  5:02  Drone x6  
  79  5:08  Drone x2  
  79  5:11  Evolution Chamber, Drone  
  79  5:12  Overlord  
  81  5:21  Drone x3  
  81  5:24  Drone x2  
  81  5:28  Extractor  
  84  5:38  Queen x2  
  88  5:44  Roach x5  
  95  5:50  Roach  
  95  5:51  Overlord  
  95  5:56  Roach  
  96  5:57  Overlord  
  96  5:58  Zerg Missile Weapons Level 1, Glial Reconstitution  
  90  6:05  Roach x2  
  90  6:09  Drone x6  
  90  6:12  Roach x3, Extractor  
  90  6:13  Extractor  
  90  6:14  Roach x2  
  98  6:23  Roach  
  98  6:25  Roach x2  
  104  6:29  Roach x3  
  110  6:33  Overseer  
  110  6:35  Overlord  
  110  6:36  Overlord  
  110  6:37  Overlord  
  110  6:43  Drone x3  
  110  6:46  Drone  
  114  6:48  Overlord x2  
  114  6:59  Roach x2  
  114  7:00  Roach x4  
  126  7:01  Overseer  
  126  7:03  Roach  
  126  7:05  Hatchery  
  126  7:07  Roach x2  
  131  7:12  Roach  
  131  7:13  Hydralisk Den, Roach  
  134  7:16  Roach  
  134  7:17  Roach  
  138  7:26  Roach x3  
  138  7:29  Roach x3  
  150  7:34  Overlord x2  
  150  7:35  Overlord  
  150  7:37  Overseer  
  150  7:44  Lurker Den  
  150  7:56  Zerg Missile Weapons Level 2, Roach  
  150  7:57  Roach x2  
  156  7:59  Ravager x4  
  156  8:01  Overlord x2  
  156  8:03  Overlord  
  160  8:07  Overlord  
  156  8:20  Roach x10  
  156  8:24  Roach x2  
  156  8:25  Roach  
  179  8:27  Roach  
  179  8:29  Roach  
  179  8:31  Roach  
  179  8:32  Roach  
  185  8:35  Roach  
  185  8:37  Roach  
  185  8:38  Roach  
  189  8:41  Roach  
  189  8:43  Roach  
  189  8:47  Roach  
  189  8:48  Roach  
  191  8:50  Roach  
  191  8:52  Roach x3  
  183  8:56  Roach  
  183  8:57  Roach  
  183  8:58  Roach  
  183  8:59  Roach  
  183  9:01  Roach  
  173  9:03  Roach  
  173  9:06  Roach  
  173  9:08  Roach  
  173  9:09  Roach  
  179  9:11  Ravager  
  179  9:12  Ravager  
  179  9:13  Roach  
  179  9:14  Roach  
  179  9:15  Roach  
  187  9:17  Roach  
  187  9:19  Roach  
  187  9:21  Roach  
  187  9:23  Roach  
  183  9:24  Roach  
  183  9:27  Roach  
  183  9:28  Roach  
  183  9:30  Roach  
  177  9:34  Roach  
  177  9:35  Roach  
  177  9:36  Roach  
  177  9:37  Roach  
  177  9:40  Roach  
  177  9:41  Roach  
  177  9:43  Roach  
  177  9:45  Roach  
  173  9:47  Roach  
  173  9:49  Roach  
  173  9:51  Roach  
  169  9:53  Roach  
  169  9:55  Roach  
  169  9:57  Roach  
  166  10:00  Roach  
  166  10:02  Roach  
  166  10:03  Roach  
  172  10:07  Roach x2  
  172  10:10  Ravager x3  
  172  10:12  Roach  
  181  10:14  Roach  
  181  10:16  Roach  
  181  10:18  Roach  
Show
View Real Time Build Order
Export as new Build Order

FireCake Zerg 

Build Orders: Hatch First 

Get SALT Encoding   

  12  0:00  Drone  
  13  0:08  Drone  
  14  0:17  Overlord  
  14  0:22  Extractor  
  14  0:23  Drone  
  15  0:35  Drone x2  
  17  0:51  Hatchery  
  17  0:54  Drone  
  17  0:57  Drone  
  18  1:05  Extractor  
  17  1:12  Spawning Pool  
  17  1:15  Drone  
  17  1:19  Drone  
  18  1:29  Drone  
  19  1:37  Overlord  
  19  1:48  Drone  
  20  1:59  Drone, Queen  
  23  2:03  Drone, Queen  
  23  2:05  Metabolic Boost  
  26  2:09  Drone  
  26  2:13  Drone  
  28  2:20  Drone  
  29  2:25  Zergling x2  
  30  2:35  Baneling Nest  
  29  2:37  Drone  
  29  2:41  Drone  
  31  2:45  Zergling x2  
  31  2:49  Hatchery  
  31  2:54  Zergling x2  
  31  2:55  Overlord  
  32  3:02  Zergling x2  
  33  3:10  Zergling x2  
  33  3:11  Zergling x4  
  36  3:17  Drone x5  
  36  3:18  Baneling  
  36  3:19  Baneling  
  41  3:23  Overlord  
  40  3:31  Drone x2  
  41  3:45  Zergling x6  
  43  3:49  Queen  
  43  3:52  Drone x6  
  51  3:58  Evolution Chamber  
  51  4:01  Roach Warren  
  51  4:02  Drone  
  50  4:10  Overlord  
  50  4:15  Baneling  
  50  4:16  Baneling  
  50  4:18  Drone x4  
  50  4:21  Extractor  
  50  4:22  Extractor  
  52  4:35  Drone x8  
  52  4:36  Zerg Missile Weapons Level 1  
  60  4:44  Lair  
  60  4:53  Pneumatized Carapace  
  60  4:56  Drone x6  
  60  4:59  Extractor  
  65  5:04  Drone  
  65  5:06  Overlord  
  65  5:07  Overlord  
  66  5:12  Overlord  
  66  5:13  Spine Crawler x4  
  61  5:24  Roach x5  
  61  5:27  Roach x2  
  75  5:31  Roach  
  75  5:32  Roach  
  79  5:40  Roach x4  
  88  5:55  Drone x8  
  90  5:58  Queen  
  85  6:04  Drone x5  
  85  6:08  Glial Reconstitution  
  88  6:17  Drone x2  
  90  6:22  Overlord  
  90  6:23  Overlord x2  
  90  6:24  Overlord  
  90  6:34  Zerg Missile Weapons Level 2  
  90  6:42  Drone x3  
  90  6:43  Drone  
  90  6:44  Drone x6  
  90  6:46  Extractor x2  
  98  6:51  Hatchery, Drone  
  98  6:52  Drone  
  99  6:59  Roach x5  
  109  7:01  Overseer  
  109  7:08  Drone  
  110  7:10  Roach x6  
  122  7:18  Overlord x3  
  122  7:26  Overlord  
  120  7:45  Hatchery, Roach  
  120  7:46  Roach x12  
  145  7:51  Overlord  
  145  7:52  Overlord  
  145  7:58  Roach  
  147  8:01  Overlord  
  147  8:02  Overlord  
  147  8:10  Roach x7  
  147  8:12  Queen  
  161  8:18  Roach x5  
  160  8:24  Roach  
  160  8:26  Ravager  
  156  8:27  Ravager x5  
  156  8:33  Overlord  
  156  8:34  Overlord x2  
  158  8:35  Overlord  
  158  8:38  Roach x4  
  164  8:43  Roach x3  
  153  8:51  Roach x5  
  149  8:57  Roach  
  149  8:58  Roach x2  
  149  9:02  Roach x3  
  148  9:09  Roach  
  146  9:10  Roach x3  
  146  9:15  Roach  
  150  9:21  Roach x3  
  150  9:23  Roach  
  141  9:27  Roach  
  141  9:31  Roach  
  129  9:34  Roach x3  
  129  9:36  Roach x5  
  141  9:39  Roach x3  
  139  9:49  Roach x3  
  129  9:53  Roach x2  
  129  9:58  Roach  
  129  9:59  Roach, Queen  
  122  10:03  Roach  
  122  10:04  Roach x7  
  132  10:10  Roach x4  
  140  10:18  Roach  
  140  10:19  Roach x2  
Tags
 
Add a new tag
Caveats
  • Supply blocks, unpowered buildings, or Contaminate may cause inaccurate times.
  • Supply counts are checked every 10 seconds.